 Seeded DCSS version 0.27.1-2-g3b301248ec (webtiles) character file.

Game seed: 17979796883088392625 (custom seed)

225 babuloseo the Sneak (level 6, -6/46 HPs)
             Began as a Human Brigand on Sept 26, 2021.
             Mangled by a two-headed ogre (7 damage)
             ... on level 4 of the Dungeon.
             The game lasted 00:03:32 (2219 turns).

babuloseo the Sneak (Human Brigand)                 Turns: 2219, Time: 00:03:33

Health: -6/46      AC:  4    Str: 13    XL:     6   Next: 21%
Magic:  6/6        EV: 12    Int: 12    God:
Gold:   124        SH:  0    Dex: 14    Spells: 5/5 levels left

rFire    + . .     SeeInvis .   h - +3 dagger (venom)
rCold    x . .     Faith    .   (no shield)
rNeg     . . .     Spirit   .   b - +1 robe
rPois    .         Reflect  .   (no helmet)
rElec    .         Harm     .   c - +0 cloak
rCorr    .         Rampage  .   (no gloves)
Will     .....                  (no boots)
Stlth    +++.......             j - amulet of regeneration
HPRegen  1.15/turn              l - +4 ring of slaying
MPRegen  0.10/turn              o - ring of fire

@: no status effects
A: no striking features
a: no special abilities


You were on level 4 of the Dungeon.
You visited 1 branch of the dungeon, and saw 4 of its levels.

You collected 124 gold pieces.

Inventory:

Hand Weapons
 a - a +2 dagger
 h - a +3 dagger of venom (weapon)
Missiles
 d - 25 poisoned darts (quivered)
 e - 2 curare-tipped darts
Armour
 b - a +1 robe (worn)
 c - a +0 cloak (worn)
 n - a +0 leather armour
Jewellery
 j - an amulet of regeneration (around neck)
 l - a +4 ring of slaying (left hand)
 o - a ring of fire (right hand)
Wands
 m - a wand of mindburst (13)
Potions
 f - a potion of berserk rage {unknown}
 g - a potion of curing
 k - 2 potions of invisibility {unknown}
 q - a potion of resistance {unknown}
 r - a potion of cancellation {unknown}
 t - a potion of might {unknown}


   Skills:
 + Level 2.8 Fighting
 + Level 3.1 Short Blades
 - Level 2.1 Throwing
 + Level 1.7 Dodging
 + Level 6.2 Stealth


You had 5 spell levels left.
You didn't know any spells.
Your spell library contained the following spells:

 Spells                   Type           Power      Damage    Failure   Level
 Static Discharge         Conj/Air       0%         N/A       45%         2
 Frozen Ramparts          Ice            0%         1d2       69%         3
 Dispel Undead            Necr           0%         3d6       97%         4
 Ice Form                 Ice/Tmut       0%         N/A       97%         4
 Sticky Flame             Conj/Fire      0%         2d3       97%         4
 Summon Ice Beast         Ice/Summ       0%         N/A       97%         4


Dungeon Overview and Level Annotations

Branches:
Dungeon (4/15)
 Temple: D:4-7

Altars:

Shops:
D:3 (:[[


Message History

The endoplasm closely misses you.
An endoplasm is nearby!
You hit the endoplasm.
You kill the endoplasm!
No target in view!
No target in view!
Found 11 gold pieces.
You now have 124 gold pieces (gained 11).
A two-headed ogre comes into view. It is wielding two +0 giant clubs.
A two-headed ogre is nearby!
A two-headed ogre is nearby!
The two-headed ogre shouts in stereo!
You hit the two-headed ogre but do no damage.
The two-headed ogre is poisoned.
You hit the two-headed ogre but do no damage.
The two-headed ogre looks even sicker.
The two-headed ogre is lightly wounded.
The two-headed ogre misses you. The two-headed ogre barely misses you.
You barely miss the two-headed ogre.
The two-headed ogre is lightly wounded.
The two-headed ogre hits you with a +0 giant club!!
Ouch! That really hurt!
The two-headed ogre hits you with a +0 giant club.
You are too injured to fight recklessly!
You are too injured to fight recklessly!
You are too injured to fight recklessly!
It was a potion of curing.
You feel better.
You hit the two-headed ogre.
The two-headed ogre looks as sick as possible!
The two-headed ogre is lightly wounded.
The two-headed ogre barely misses you.
The two-headed ogre hits you with a +0 giant club.
You hit the two-headed ogre.
The two-headed ogre looks as sick as possible!
The two-headed ogre is moderately wounded.
The two-headed ogre hits you with a +0 giant club!!
Ouch! That really hurt!
* * * LOW HITPOINT WARNING * * *
The two-headed ogre hits you with a +0 giant club!
You die...

######.####### #.#
###.##### #.......#
#.#.##### #.#...##
# #.#..# # #
#.##.######.#
....#8.8#..@O.#
#.........###......
#####8.8### #####
##.## #.# #.# #.#
#.# #.


You could see a two-headed ogre (extremely poisoned).

Vanquished Creatures
  A black bear (D:4)
  An iguana (D:2)
  Ijyb (D:3)
  2 adders
  An adder skeleton (D:4)
  A dart slug (D:1)
  A worm (D:3)
  4 ball pythons
  5 endoplasms
  2 giant cockroaches
  12 goblins
  2 hobgoblins (D:1)
  2 jackals (D:1)
  2 quokkas (D:4)
  3 bats
  6 frilled lizards
  7 kobolds
  6 rats (D:1)
59 creatures vanquished.

Notes
Turn   | Place    | Note
-------+----------+-------------------------------------------
     0 | D:1      | babuloseo the Human Brigand began the quest for the Orb.
     0 | D:1      | Reached XP level 1. HP: 16/16 MP: 1/1
   136 | D:1      | Reached XP level 2. HP: 20/22 MP: 2/2
   440 | D:1      | Reached XP level 3. HP: 27/27 MP: 3/3
   800 | D:1      | Reached skill level 5 in Stealth
   932 | D:2      | Reached XP level 4. HP: 14/33 MP: 4/4
  1312 | D:2      | Found a faded altar of an unknown god.
  1448 | D:3      | Found Naoreuss's Book Shoppe.
  1539 | D:3      | Found Boshruss's Antique Weapon Emporium.
  1557 | D:3      | Noticed Ijyb
  1564 | D:3      | Killed Ijyb
  1565 | D:3      | Reached XP level 5. HP: 38/38 MP: 5/5
  1647 | D:3      | Found Ynoatz's Antique Armour Emporium.
  1751 | D:3      | Found Cuh Hufu's Antique Armour Emporium.
  2094 | D:4      | Noticed a black bear
  2104 | D:4      | Killed a black bear
  2105 | D:4      | Reached skill level 6 in Stealth
  2105 | D:4      | Reached XP level 6. HP: 43/46 MP: 6/6
  2209 | D:4      | Noticed a two-headed ogre
  2219 | D:4      | HP: 1/46 [two-headed ogre (26)]
  2219 | D:4      | Mangled by a two-headed ogre

Illustrated notes

Levels and vault maps discovered:
D:1:      minmay_arrival_cross, layout_loops_ring
D:2:      layout_rooms, shapermc_ecumenical_altar_venn
D:3:      layout_basic, serial_shops, shop, nicolae_shop_behind_doors, shop,
          shop, uniq_ijyb
D:4:      minmay_octagon_keep, layout_loops_ring, ebering_ghost_reflecting_pool,
          small_statue_intersection

Skill      XL: |  1  2  3  4  5 |
---------------+----------------+-----
Stealth        | 5 6 |  6.2
Short Blades   | 3 |  3.1
Fighting       | |  2.8
Throwing       | |  2.1
Dodging        | |  1.7

Action                   |  1- 3 |  4- 6 || total
-------------------------+-------+-------++-------
Melee: Dagger            |    81 |    67 ||   148
Throw: Dart              |       |     5 ||     5
  Use: Scroll            |       |     5 ||     5
       Potion            |       |     1 ||     1
 Stab: Sleeping          |    11 |     8 ||    19
       Distracted        |       |     1 ||     1
Armor: Robe              |     7 |     8 ||    15
Dodge: Dodged            |    37 |    27 ||    64
